| TOP OF THE 1ST |
|
Baltimore (APP) Orioles batting - Pitching for Bluefield Blue Jays : RHP Marcus Reiling
|
|
Pitching: RHP Marcus Reiling
|
|
|
Batting: LHB Ralph Braine
|
0-0: Hit by Pitch
|
|
Batting: RHB Fernando Bravo
|
0-0: Ball 1-0: Ball 2-0: Ball 3-0: Base on Balls Ralph Braine to second
|
|
Batting: LHB Sam Williams
|
0-0: DOUBLE (Line Drive, 78XD, EV 101.2 MPH) Ralph Braine scores Fernando Bravo to third
|
|
Batting: RHB Ismael Macedo
|
0-0: Ball 1-0: SINGLE (Groundball, 25, EV 66.2 MPH) (infield hit)
|
|
Batting: SHB Chris Wright
|
0-0: Swinging Strike 0-1: Ball Wild Pitch! Fernando Bravo scores Sam Williams to third Ismael Macedo to second 1-1: Ball 2-1: Foul Ball, location: 2F 2-2: Foul Ball, location: 2F 2-2: Ball 3-2: Ground out U3 (Groundball, 34S, EV 83.8 MPH) Sam Williams scores Ismael Macedo to third
|
|
Batting: RHB Luke Vaccarino
|
0-0: Swinging Strike 0-1: Ball 1-1: Fly out, F4 (Line Drive, 4, EV 70.0 MPH)
|
|
Batting: RHB Wil Ochoa
|
0-0: Swinging Strike 0-1: Foul Ball, location: 2F 0-2: Strikes out swinging
|
| Top of the 1st over - 3 runs, 2 hits, 0 errors, 1 left on base; Baltimore (APP) 3 - Bluefield 0 |
| BOTTOM OF THE 1ST |
|
Bluefield Blue Jays batting - Pitching for Baltimore (APP) Orioles : RHP Wes Reynolds
|
|
Pitching: RHP Wes Reynolds
|
|
|
Batting: RHB Braydon Pinsent
|
0-0: SINGLE (Groundball, 4S, EV 76.2 MPH) (infield hit)
|
|
Batting: LHB Kurt Estep
|
0-0: Fielders Choice at 2nd, 6-4 (Groundball, 56, EV 87.5 MPH)
|
|
Batting: RHB Bill Murray
|
0-0: Ball 1-0: Called Strike 1-1: SINGLE (Groundball, 6MD, EV 106.2 MPH) (infield hit) Kurt Estep to second
|
|
Batting: LHB Lothar Middelkoop
|
0-0: Ball 1-0: Foul Ball, location: 2F 1-1: Ball 2-1: Ball 3-1: Fielders Choice at 2nd, 3-6 (Groundball, 34S, EV 81.9 MPH) Kurt Estep to third
|
|
Batting: RHB Shunsuke Shiba Inu
|
0-0: Ball Passed Ball! Kurt Estep scores Lothar Middelkoop to second 1-0: Fly out, F8 (Flyball, 8RM, EV 82.5 MPH)
|
| Bottom of the 1st over - 1 run, 2 hits, 0 errors, 1 left on base; Baltimore (APP) 3 - Bluefield 1 |
| TOP OF THE 2ND |
|
Baltimore (APP) Orioles batting - Pitching for Bluefield Blue Jays : RHP Marcus Reiling
|
|
Batting: RHB Tony Fernandez
|
0-0: Ball 1-0: Ball 2-0: Foul Ball, location: 2F 2-1: Foul Ball, location: 2F 2-2: Ground out 6-3 (Groundball, 6M, EV 108.1 MPH)
|
|
Batting: LHB Vinny Rivera
|
0-0: Ground out 4-3 (Groundball, 4, EV 88.1 MPH)
|
|
Batting: LHB Ralph Braine
|
0-0: Foul Ball, location: 2F 0-1: Foul Ball, location: 2F 0-2: Ball 1-2: Strikes out swinging
|
| Top of the 2nd over - 0 runs, 0 hits, 0 errors, 0 left on base; Baltimore (APP) 3 - Bluefield 1 |
| BOTTOM OF THE 2ND |
|
Bluefield Blue Jays batting - Pitching for Baltimore (APP) Orioles : RHP Wes Reynolds
|
|
Batting: LHB Eric Toney
|
0-0: Called Strike 0-1: Ball 1-1: Ball 2-1: Fly out, F7 (Flyball, 7D, EV 80.6 MPH)
|
|
Batting: RHB Dan Muns
|
0-0: Called Strike 0-1: Ball 1-1: Ball 2-1: Ball 3-1: Foul Ball, location: 2F 3-2: Base on Balls
|
|
Batting: RHB Carlos Bravo
|
0-0: Grounds into double play, 1-6-3 (Groundball, 34S, EV 73.8 MPH)
|
| Bottom of the 2nd over - 0 runs, 0 hits, 0 errors, 0 left on base; Baltimore (APP) 3 - Bluefield 1 |
| TOP OF THE 3RD |
|
Baltimore (APP) Orioles batting - Pitching for Bluefield Blue Jays : RHP Marcus Reiling
|
|
Batting: RHB Fernando Bravo
|
0-0: Ball 1-0: Fly out, F7 (Flyball, 78S, EV 92.5 MPH)
|
|
Batting: LHB Sam Williams
|
0-0: Ground out 3-1 (Groundball, 34, EV 108.8 MPH)
|
|
Batting: RHB Ismael Macedo
|
0-0: Ball 1-0: Swinging Strike 1-1: SOLO HOME RUN (Flyball, 78XD, EV 105.6 MPH), Distance : 418 ft
|
|
Batting: SHB Chris Wright
|
0-0: Ball 1-0: Swinging Strike 1-1: Ball 2-1: Called Strike 2-2: Ball 3-2: Base on Balls
|
|
Batting: RHB Luke Vaccarino
|
0-0: Ball 1-0: Swinging Strike 1-1: Called Strike 1-2: Strikes out swinging
|
| Top of the 3rd over - 1 run, 1 hit, 0 errors, 1 left on base; Baltimore (APP) 4 - Bluefield 1 |
| BOTTOM OF THE 3RD |
|
Bluefield Blue Jays batting - Pitching for Baltimore (APP) Orioles : RHP Wes Reynolds
|
|
Batting: RHB Mike Johnson
|
0-0: SINGLE (Flyball, 89S, EV 90.6 MPH)
|
|
Batting: RHB Braydon Pinsent
|
0-0: Ball 1-0: Called Strike 1-1: Swinging Strike 1-2: Foul Ball, location: 2F 1-2: Ball 2-2: Fly out, F9 (Line Drive, 89M, EV 88.8 MPH)
|
|
Batting: LHB Kurt Estep
|
0-0: Ball 1-0: Foul Ball, location: 2F 1-1: Foul Ball, location: 2F 1-2: Ball Mike Johnson is caught stealing 2nd base 2-6 2-2: Ground out U3 (Groundball, 3, EV 86.2 MPH)
|
| Bottom of the 3rd over - 0 runs, 1 hit, 0 errors, 0 left on base; Baltimore (APP) 4 - Bluefield 1 |
| TOP OF THE 4TH |
|
Baltimore (APP) Orioles batting - Pitching for Bluefield Blue Jays : RHP Marcus Reiling
|
|
Batting: RHB Wil Ochoa
|
0-0: Fly out, F7 (Flyball, 7D, EV 90.6 MPH)
|
|
Batting: RHB Tony Fernandez
|
0-0: Ground out 4-3 (Groundball, 4M, EV 96.9 MPH)
|
|
Batting: LHB Vinny Rivera
|
0-0: Ground out 4-3 (Groundball, 4S, EV 80.0 MPH)
|
| Top of the 4th over - 0 runs, 0 hits, 0 errors, 0 left on base; Baltimore (APP) 4 - Bluefield 1 |
| BOTTOM OF THE 4TH |
|
Bluefield Blue Jays batting - Pitching for Baltimore (APP) Orioles : RHP Wes Reynolds
|
|
Batting: RHB Bill Murray
|
0-0: Swinging Strike 0-1: Swinging Strike 0-2: Foul Ball, location: 2F 0-2: Ball 1-2: Ball 2-2: Foul Ball, location: 2F 2-2: Ball 3-2: Strikes out swinging
|
|
Batting: LHB Lothar Middelkoop
|
0-0: Ball 1-0: Fly out, F9 (Flyball, 9, EV 84.4 MPH)
|
|
Batting: RHB Shunsuke Shiba Inu
|
0-0: Foul Ball, location: 2F 0-1: Foul Ball, location: 2F 0-2: Ball 1-2: Ground out 1-3 (Groundball, 13S, EV 68.8 MPH)
|
| Bottom of the 4th over - 0 runs, 0 hits, 0 errors, 0 left on base; Baltimore (APP) 4 - Bluefield 1 |
| TOP OF THE 5TH |
|
Baltimore (APP) Orioles batting - Pitching for Bluefield Blue Jays : RHP Marcus Reiling
|
|
Batting: LHB Ralph Braine
|
0-0: Foul Ball, location: 2F 0-1: Ball 1-1: Swinging Strike 1-2: Ball 2-2: Ball 3-2: Foul Ball, location: 2F 3-2: Base on Balls
|
|
Batting: RHB Fernando Bravo
|
0-0: Called Strike Ralph Braine is caught stealing 2nd base 2-4 0-1: Foul Ball, location: 2F 0-2: Strikes out looking
|
|
Batting: LHB Sam Williams
|
0-0: Ball 1-0: Called Strike 1-1: Ball 2-1: Ball 3-1: Base on Balls
|
|
Batting: RHB Ismael Macedo
|
0-0: Ball 1-0: Foul Ball, location: 2F 1-1: DOUBLE (Line Drive, 78D, EV 106.2 MPH) Sam Williams to third Runner from 3rd tries for Home, SAFE, throw by CF to home
|
|
Pitching: RHP Aaron Meiggs
|
|
|
Batting: SHB Chris Wright
|
0-0: Called Strike 0-1: Ball Wild Pitch! Ismael Macedo to third 1-1: Foul Ball, location: 2F 1-2: Foul Ball, location: 2F 1-2: Foul Ball, location: 2F 1-2: Hit by Pitch
|
|
Batting: RHB Luke Vaccarino
|
0-0: Called Strike 0-1: Ball 1-1: Foul Ball, location: 2F 1-2: Ground out 4-3 (Groundball, 34, EV 85.0 MPH)
|
| Top of the 5th over - 1 run, 1 hit, 0 errors, 2 left on base; Baltimore (APP) 5 - Bluefield 1 |
| BOTTOM OF THE 5TH |
|
Bluefield Blue Jays batting - Pitching for Baltimore (APP) Orioles : RHP Wes Reynolds
|
|
Batting: LHB Eric Toney
|
0-0: Ball 1-0: Foul Ball, location: 2F 1-1: Ground out U3 (Groundball, 13, EV 77.5 MPH)
|
|
Batting: RHB Dan Muns
|
0-0: Called Strike 0-1: Foul Ball, location: 2F 0-2: Ball 1-2: Ball 2-2: Ground out 6-3 (Groundball, 56, EV 103.8 MPH)
|
|
Batting: RHB Carlos Bravo
|
0-0: Fly out, F7 (Flyball, 7, EV 89.4 MPH)
|
| Bottom of the 5th over - 0 runs, 0 hits, 0 errors, 0 left on base; Baltimore (APP) 5 - Bluefield 1 |
| TOP OF THE 6TH |
|
Baltimore (APP) Orioles batting - Pitching for Bluefield Blue Jays : RHP Aaron Meiggs
|
|
Batting: RHB Wil Ochoa
|
0-0: Ball 1-0: Called Strike 1-1: Ball 2-1: Ball 3-1: Base on Balls
|
|
Batting: RHB Tony Fernandez
|
0-0: Swinging Strike 0-1: Foul Ball, location: 2F 0-2: Fly out, F4 (Popup, 4M, EV 79.4 MPH)
|
|
Batting: LHB Vinny Rivera
|
0-0: Ball 1-0: Called Strike Wil Ochoa steals 2nd base 1-1: Called Strike 1-2: Foul Ball, location: 2F 1-2: Ball 2-2: Strikes out looking
|
|
Batting: LHB Ralph Braine
|
0-0: Ball 1-0: Ball 2-0: Ball 3-0: Base on Balls
|
|
Pitching: LHP Akinori Morikawa
|
|
|
Batting: RHB Fernando Bravo
|
0-0: Called Strike 0-1: Ball 1-1: Swinging Strike 1-2: Strikes out swinging
|
| Top of the 6th over - 0 runs, 0 hits, 0 errors, 2 left on base; Baltimore (APP) 5 - Bluefield 1 |
| BOTTOM OF THE 6TH |
|
Bluefield Blue Jays batting - Pitching for Baltimore (APP) Orioles : RHP Wes Reynolds
|
|
Batting: RHB Mike Johnson
|
0-0: SINGLE (Groundball, 5L, EV 84.4 MPH) (infield hit)
|
|
Batting: RHB Braydon Pinsent
|
0-0: Called Strike Mike Johnson is caught stealing 2nd base 2-4 0-1: Called Strike 0-2: Foul Ball, location: 2F 0-2: Ball 1-2: SINGLE (Groundball, 6MD, EV 103.1 MPH)
|
|
Batting: LHB Kurt Estep
|
0-0: Called Strike 0-1: Fly out, F8 (Flyball, 8LM, EV 89.4 MPH)
|
|
Batting: RHB Bill Murray
|
0-0: Called Strike 0-1: Called Strike 0-2: Foul Ball, location: 2F 0-2: Strikes out looking
|
| Bottom of the 6th over - 0 runs, 2 hits, 0 errors, 1 left on base; Baltimore (APP) 5 - Bluefield 1 |
| TOP OF THE 7TH |
|
Baltimore (APP) Orioles batting - Pitching for Bluefield Blue Jays : LHP Akinori Morikawa
|
|
Batting: LHB Sam Williams
|
0-0: Ball 1-0: Ball 2-0: Ball 3-0: Base on Balls
|
|
Batting: RHB Ismael Macedo
|
0-0: Foul Ball, location: 2F 0-1: Ball 1-1: Ball 2-1: Foul Ball, location: 2F 2-2: Foul Ball, location: 2F 2-2: Ball 3-2: Foul Ball, location: 2F 3-2: Foul Ball, location: 2F 3-2: Foul Ball, location: 2F 3-2: Base on Balls Sam Williams to second
|
|
Batting: SHB Chris Wright
|
0-0: Called Strike 0-1: Called Strike 0-2: Foul Ball, location: 2F 0-2: Ball 1-2: Foul Ball, location: 2F 1-2: Foul Ball, location: 2F 1-2: Strikes out swinging
|
|
Batting: RHB Luke Vaccarino
|
0-0: Swinging Strike 0-1: Called Strike 0-2: Strikes out swinging
|
|
Batting: RHB Wil Ochoa
|
0-0: Ball 1-0: Ball 2-0: Ball 3-0: Called Strike 3-1: Base on Balls Sam Williams to third Ismael Macedo to second
|
|
Batting: RHB Tony Fernandez
|
0-0: Called Strike 0-1: Swinging Strike 0-2: Ball 1-2: Ball 2-2: Ball 3-2: Base on Balls Sam Williams scores Ismael Macedo to third Wil Ochoa to second
|
|
Pitching: RHP Steve Schultz
|
|
|
Batting: LHB Vinny Rivera
|
0-0: Ball 1-0: Ball 2-0: Called Strike 2-1: Called Strike 2-2: Ball 3-2: Foul Ball, location: 2F 3-2: Ground out 3-1 (Groundball, 34, EV 88.8 MPH)
|
| Top of the 7th over - 1 run, 0 hits, 0 errors, 3 left on base; Baltimore (APP) 6 - Bluefield 1 |
| BOTTOM OF THE 7TH |
|
Bluefield Blue Jays batting - Pitching for Baltimore (APP) Orioles : RHP Wes Reynolds
|
|
Batting: LHB Lothar Middelkoop
|
0-0: Ball 1-0: Ball 2-0: Called Strike 2-1: SINGLE (Groundball, 4MS, EV 70.0 MPH) (infield hit)
|
|
Batting: RHB Shunsuke Shiba Inu
|
0-0: Ball 1-0: Called Strike 1-1: Fly out, F4 (Line Drive, 34D, EV 60.6 MPH)
|
|
Batting: LHB Eric Toney
|
0-0: Ball 1-0: Fielders Choice at 2nd, 4-6 (Groundball, 34D, EV 86.9 MPH)
|
|
Batting: RHB Dan Muns
|
0-0: Swinging Strike 0-1: TRIPLE (Flyball, 78XD, EV 96.2 MPH) Eric Toney scores
|
|
Pitching: RHP Matt Maddock
|
|
|
Batting: RHB Carlos Bravo
|
0-0: Ball 1-0: SINGLE (Groundball, 56, EV 86.2 MPH) (infield hit) Dan Muns scores
|
|
Batting: RHB Mike Johnson
|
0-0: Called Strike 0-1: Ball 1-1: Ball 2-1: Ball 3-1: Base on Balls Carlos Bravo to second
|
|
Batting: RHB Braydon Pinsent
|
0-0: Swinging Strike 0-1: Ball 1-1: Foul Ball, location: 2F 1-2: Strikes out swinging
|
| Bottom of the 7th over - 2 runs, 3 hits, 0 errors, 2 left on base; Baltimore (APP) 6 - Bluefield 3 |
| TOP OF THE 8TH |
|
Baltimore (APP) Orioles batting - Pitching for Bluefield Blue Jays : RHP Steve Schultz
|
|
Batting: LHB Ralph Braine
|
0-0: Ball 1-0: Ball 2-0: Foul Ball, location: 2F 2-1: Ball 3-1: Called Strike 3-2: Ground out 3-1 (Groundball, 34, EV 105.0 MPH)
|
|
Batting: RHB Fernando Bravo
|
0-0: Foul Ball, location: 2F 0-1: Called Strike 0-2: Hit by Pitch
|
|
Batting: LHB Sam Williams
|
0-0: Ball 1-0: Foul Ball, location: 2F 1-1: Foul Ball, location: 2F 1-2: Strikes out swinging
|
|
Batting: RHB Ismael Macedo
|
0-0: Ball 1-0: Called Strike 1-1: Ball 2-1: Ball 3-1: Base on Balls Fernando Bravo to second
|
|
Batting: SHB Chris Wright
|
0-0: Ball 1-0: Called Strike 1-1: Ball 2-1: Foul Ball, location: 2F 2-2: Foul Ball, location: 2F 2-2: Ball 3-2: Foul Ball, location: 2F 3-2: Foul Ball, location: 2F 3-2: Strikes out swinging
|
| Top of the 8th over - 0 runs, 0 hits, 0 errors, 2 left on base; Baltimore (APP) 6 - Bluefield 3 |
| BOTTOM OF THE 8TH |
|
Bluefield Blue Jays batting - Pitching for Baltimore (APP) Orioles : RHP Matt Maddock
|
|
Batting: LHB Kurt Estep
|
0-0: Ball 1-0: Foul Ball, location: 2F 1-1: SINGLE (Groundball, 6D, EV 102.5 MPH)
|
|
Batting: RHB Bill Murray
|
0-0: Called Strike 0-1: Fly out, F9 (Flyball, 89M, EV 86.9 MPH)
|
|
Pitching: RHP Nick Hodge
|
|
|
Batting: LHB Lothar Middelkoop
|
0-0: Ball 1-0: Ball 2-0: Ball 3-0: Base on Balls Kurt Estep to second
|
|
Pinch Hitting: RHB Victor Ayala
|
0-0: Ball 1-0: Ball 2-0: SINGLE (Groundball, 6D, EV 103.1 MPH) Kurt Estep to third Lothar Middelkoop to second
|
|
Batting: LHB Eric Toney
|
0-0: Called Strike 0-1: Ball 1-1: Ball Passed Ball! Kurt Estep scores Lothar Middelkoop to third Victor Ayala to second 2-1: Ball 3-1: Foul Ball, location: 2F 3-2: Foul Ball, location: 2F 3-2: Foul Ball, location: 2F 3-2: Base on Balls
|
|
Batting: RHB Dan Muns
|
0-0: Ball 1-0: Foul Ball, location: 2F 1-1: Foul Ball, location: 2F 1-2: Ball Wild Pitch! Lothar Middelkoop scores Victor Ayala to third Eric Toney to second 2-2: Foul Ball, location: 2F 2-2: Foul Ball, location: 2F 2-2: Hit by Pitch
|
|
Batting: RHB Carlos Bravo
|
0-0: Swinging Strike 0-1: Grounds into fielders choice 4-2 (Groundball, 34, EV 84.4 MPH) Eric Toney to third Dan Muns to second
|
|
Batting: RHB Mike Johnson
|
0-0: Ground out 6-3 (Groundball, 6S, EV 88.1 MPH)
|
| Bottom of the 8th over - 2 runs, 2 hits, 0 errors, 3 left on base; Baltimore (APP) 6 - Bluefield 5 |
| TOP OF THE 9TH |
|
Baltimore (APP) Orioles batting - Pitching for Bluefield Blue Jays : RHP Steve Schultz
|
|
Pitching: RHP Joe Linkous
|
|
|
Now at 2B: Victor Ayala
|
|
|
Batting: RHB Luke Vaccarino
|
0-0: Ball 1-0: Ball 2-0: Fly out, F9 (Flyball, 9S, EV 91.9 MPH)
|
|
Batting: RHB Wil Ochoa
|
0-0: Called Strike 0-1: Ball 1-1: SINGLE (Groundball, 56D, EV 98.8 MPH)
|
|
Batting: RHB Tony Fernandez
|
0-0: Foul Ball, location: 2F 0-1: Ball Wild Pitch! Wil Ochoa to second 1-1: Called Strike 1-2: Foul Ball, location: 2F 1-2: Foul Ball, location: 2F 1-2: SINGLE (Groundball, 4D, EV 106.9 MPH) Wil Ochoa to third Runner from 3rd tries for Home, throw by RF and OUT! 9-2 Tony Fernandez to second
|
|
Batting: LHB Vinny Rivera
|
0-0: Called Strike 0-1: Fly out, F7 (Flyball, 7S, EV 93.1 MPH)
|
| Top of the 9th over - 0 runs, 2 hits, 0 errors, 1 left on base; Baltimore (APP) 6 - Bluefield 5 |
| BOTTOM OF THE 9TH |
|
Bluefield Blue Jays batting - Pitching for Baltimore (APP) Orioles : RHP Nick Hodge
|
|
Pitching: RHP Harley Hyde
|
|
|
Now at 1B: Tony Fernandez
|
|
|
Now at 3B: Matthew Neal
|
|
|
Now in RF: John Barton
|
|
|
Batting: RHB Braydon Pinsent
|
0-0: Called Strike 0-1: Ball 1-1: Called Strike 1-2: Ball 2-2: Strikes out swinging
|
|
Batting: LHB Kurt Estep
|
0-0: SINGLE (Groundball, 34D, EV 97.5 MPH)
|
|
Batting: RHB Bill Murray
|
0-0: Ball Wild Pitch! Kurt Estep to second 1-0: Foul Ball, location: 2F 1-1: Ball 2-1: Called Strike 2-2: Foul Ball, location: 2F 2-2: SINGLE (Groundball, 6M, EV 76.9 MPH) (infield hit) Kurt Estep to third
|
|
Batting: LHB Lothar Middelkoop
|
0-0: Ball Bill Murray is caught stealing 2nd base 2-6 1-0: Foul Ball, location: 2F 1-1: Swinging Strike 1-2: Ground out 4-3 (Groundball, 4, EV 85.0 MPH)
|
| Bottom of the 9th over - 0 runs, 2 hits, 0 errors, 1 left on base; Baltimore (APP) 6 - Bluefield 5 |
|